[Event "fics rated crazyhouse match"]
[Site "fics, Oklahoma City, OK USA"]
[Date "2001.01.19"]
[White "venomous"]
[WhiteElo "2453"]
[Black "LINDEGREN"]
[BlackElo "2286"]
[TimeControl "60+0"]
[Result "1-0"]

1. e4 Nf6 2. Nc3 Nc6 3. Nf3 d5 4. exd5 Nxd5 5. Nxd5 e6 6. Nc3 
Bb4 7. d4 Qe7 8. Bd2 P@a3 9. bxa3 Bxa3 10. Bb5 Bd6 11. P@e5 P@g4 
12. exd6 cxd6 13. Ng5 P@f3 14. Nxf3 gxf3 15. Qxf3 N@f5 16. Bxc6+ bxc6 17. Qxc6+ 
B@d7 18. Qxa8 Nxd4 19. B@d3 P@c4 20. N@c7+ Kf8 21. P@b7 cxd3 22. bxc8=Q+ Bxc8 
23. Qxc8+ B@d8 24. N@d7+ Kg8 25. O-O P@e2 26. R@e8+ Qxe8 27. Nxe8 exf1=Q+ 28. Rxf1 
Ne2+ 29. Nxe2 dxe2 30. Q@f8# 
{LINDEGREN checkmated} 1-0

[Event "fics rated crazyhouse match"]
[Site "fics, Oklahoma City, OK USA"]
[Date "2001.01.19"]
[White "LINDEGREN"]
[WhiteElo "2282"]
[Black "venomous"]
[BlackElo "2457"]
[TimeControl "60+0"]
[Result "0-1"]

1. e4 e5 2. Nc3 Nc6 3. Nf3 Nf6 4. Bc4 Bc5 5. O-O O-O 6. d3 
d6 7. Bg5 Bg4 8. Nd5 Nxd5 9. Bxd8 Nf4 10. Bxf7+ Kh8 11. P@f6 Rxf7 
12. fxg7+ Kxg7 13. Q@g5+ B@g6 14. Qxg4 Rxd8 15. B@g5 B@h5 16. P@h6+ Kg8 17. Qe6 
Nxe6 18. Bxd8 Ncxd8 19. R@e8+ B@f8 20. c3 Rxf3 21. gxf3 N@h3# 
{LINDEGREN resigns} 0-1

[Event "fics rated crazyhouse match"]
[Site "fics, Oklahoma City, OK USA"]
[Date "2001.01.19"]
[White "venomous"]
[WhiteElo "2461"]
[Black "LINDEGREN"]
[BlackElo "2278"]
[TimeControl "60+0"]
[Result "0-1"]

1. e4 Nf6 2. Nc3 Nc6 3. Nf3 d5 4. exd5 Nxd5 5. Bc4 e6 6. d4 
Bb4 7. Bd2 Qe7 8. O-O Bxc3 9. bxc3 Nb6 10. Bb5 Bd7 11. Re1 f5 
12. c4 P@e4 13. Ng5 Nxd4 14. Bc3 Qxg5 15. Bxd4 N@f3+ 16. Kh1 Nxd4 17. Bxd7+ 
Nxd7 18. Qxd4 P@f3 19. Qxd7+ Kxd7 20. N@e5+ Ke7 21. B@h3 fxg2+ 22. Bxg2 Qxg2+ 
23. Kxg2 N@h4+ 24. Kh3 Q@g2+ 25. Kxh4 B@f6# 
{venomous resigns} 0-1

[Event "fics rated crazyhouse match"]
[Site "fics, Oklahoma City, OK USA"]
[Date "2001.01.19"]
[White "LINDEGREN"]
[WhiteElo "2290"]
[Black "venomous"]
[BlackElo "2449"]
[TimeControl "60+0"]
[Result "0-1"]

1. e4 Nf6 2. Nc3 d5 3. exd5 Nxd5 4. d4 Nc6 5. Nf3 e6 6. Bb5 
Bd7 7. Nxd5 exd5 8. Qe2+ Qe7 9. P@e5 P@e4 10. Bxc6 exf3 11. Bxd7+ Qxd7 
12. gxf3 N@g2+ 13. Kd1 N@f4 14. Bxf4 Nxf4 15. Qd2 B@e2+ 16. Kc1 Bxf3 17. Qxf4 
Bxh1 18. B@g4 R@g1+ 19. N@d1 Rxg4 20. e6 Qxe6 21. Qxc7 P@d2+ 22. Kb1 B@c6 
23. N@e5 P@e2 24. N@c3 exd1=Q+ 25. Nxd1 Rg1 26. N@c3 N@b5 27. a4 Nxc7 
{LINDEGREN resigns} 0-1

[Event "fics rated crazyhouse match"]
[Site "fics, Oklahoma City, OK USA"]
[Date "2001.01.19"]
[White "venomous"]
[WhiteElo "2454"]
[Black "LINDEGREN"]
[BlackElo "2285"]
[TimeControl "60+0"]
[Result "0-1"]

1. e4 Nf6 2. Nc3 Nc6 3. Nf3 d5 4. exd5 Nxd5 5. Bc4 e6 6. d4 
Bb4 7. Bd2 Qe7 8. O-O Bxc3 9. bxc3 Nb6 10. Bb5 Bd7 11. Re1 f5 
12. B@h4 P@f6 13. P@e5 N@e4 14. c4 a6 15. Bxc6 Bxc6 16. N@a5 Nxd2 17. Nxd2 
Bxg2 18. Kxg2 B@g5 19. Bxg5 fxg5 20. Nxb7 B@c6+ 21. B@f3 Bxf3+ 22. Qxf3 O-O 
23. P@d6 g4 24. Qf4 P@f3+ 25. Kg1 B@g5 26. dxe7 Bxf4 27. exf8=Q+ Rxf8 28. N@e7+ 
Kh8 29. Nxf3 gxf3 30. Q@h3 Q@g4+ 31. Qxg4 fxg4 32. B@f1 P@g2 33. Bxg2 fxg2 
34. Ng6+ hxg6 35. R@g8+ Rxg8 36. Q@h4+ B@h6 
{venomous resigns} 0-1

[Event "fics rated crazyhouse match"]
[Site "fics, Oklahoma City, OK USA"]
[Date "2001.01.19"]
[White "LINDEGREN"]
[WhiteElo "2297"]
[Black "venomous"]
[BlackElo "2442"]
[TimeControl "60+0"]
[Result "1-0"]

1. e4 Nf6 2. Nc3 d5 3. exd5 Nxd5 4. Nf3 Nc6 5. d4 e6 6. Bb5 
Bd7 7. Bxc6 bxc6 8. Nxd5 exd5 9. Qe2+ Qe7 10. Ne5 N@h4 11. f3 B@e6 
12. P@g3 Nf5 13. c3 P@f6 14. O-O fxe5 15. dxe5 d4 16. P@f6 gxf6 17. exf6 
Qxf6 18. P@e5 Qe7 19. N@f6+ Kd8 20. N@b7+ Kc8 21. Qa6 Kb8 22. Na5 N@c5 
23. Nxc6+ Bxc6 24. Qxc6 P@b7 25. Qb5 P@b6 26. P@d6 cxd6 27. exd6 Qxd6 28. P@e5 
N@e2+ 29. Kh1 Qxe5 30. B@f4 Nxf4 31. Bxf4 B@c7 32. Bxe5 Bxe5 33. Q@d8+ B@c8 
34. Qxc5 Bxc5 35. N@d7+ Bxd7 36. Nxd7# 
{venomous checkmated} 1-0

[Event "fics rated crazyhouse match"]
[Site "fics, Oklahoma City, OK USA"]
[Date "2001.01.19"]
[White "venomous"]
[WhiteElo "2431"]
[Black "LINDEGREN"]
[BlackElo "2308"]
[TimeControl "60+0"]
[Result "1-0"]

1. e4 Nf6 2. Nc3 Nc6 3. Nf3 d5 4. exd5 Nxd5 5. Nxd5 Qxd5 6. d4 
Qe4+ 7. Be2 P@g4 8. P@d3 Qg6 9. Nh4 Qh5 10. h3 Qxh4 11. Bxg4 e6 
12. N@b5 Qd8 13. O-O N@f6 14. Bf4 N@d5 15. Bg3 Nxg4 16. hxg4 B@d6 17. P@e5 
Bde7 18. c4 a6 19. cxd5 axb5 20. dxc6 bxc6 21. N@h5 N@g5 22. N@e4 P@h3 
23. Nxg5 hxg2 24. Nxf7 gxf1=Q+ 25. Qxf1 Kxf7 26. P@f6 N@f3+ 27. Kg2 gxf6 28. Kxf3 
f5 29. P@f6 P@e4+ 30. Kg2 fxg4 31. N@g5+ Kg6 32. Nxe4 P@f3+ 33. Kh2 Kxh5 
34. N@f4+ Kh6 35. P@g5# 
{LINDEGREN checkmated} 1-0

[Event "fics rated crazyhouse match"]
[Site "fics, Oklahoma City, OK USA"]
[Date "2001.01.19"]
[White "LINDEGREN"]
[WhiteElo "2303"]
[Black "venomous"]
[BlackElo "2436"]
[TimeControl "60+0"]
[Result "1-0"]

1. e4 Nf6 2. Nc3 d5 3. exd5 Nxd5 4. d4 Nc6 5. Nf3 Nxc3 6. bxc3 
e6 7. Bb5 Bd7 8. Qe2 Be7 9. N@h5 N@f5 10. P@g4 P@g6 11. gxf5 gxh5 
12. fxe6 Bxe6 13. N@f4 O-O 14. Bxc6 bxc6 15. Nxh5 B@g4 16. Nxg7 Kxg7 17. P@e5 
N@h4 18. Rg1 P@g6 19. P@f6+ Bxf6 20. exf6+ Qxf6 21. B@e5 Qxe5 22. dxe5 N@f5 
23. Nxh4 Bxe2 24. Nxf5+ Bxf5 25. P@f6# 
{venomous resigns} 1-0

[Event "fics rated crazyhouse match"]
[Site "fics, Oklahoma City, OK USA"]
[Date "2001.01.19"]
[White "venomous"]
[WhiteElo "2425"]
[Black "LINDEGREN"]
[BlackElo "2314"]
[TimeControl "60+0"]
[Result "1-0"]

1. e4 Nf6 2. Nc3 Nc6 3. Nf3 d5 4. exd5 Nxd5 5. Bc4 e6 6. d4 
Bb4 7. Bd2 Qe7 8. O-O Bxc3 9. bxc3 Nb6 10. Bb5 Bd7 11. Re1 f5 
12. Ng5 P@f7 13. B@h4 N@f6 14. P@e5 Ne4 15. Nxe4 Qxh4 16. Bg5 Qxe4 17. Rxe4 
fxe4 18. Bxc6 N@d5 19. Bxd5 Nxd5 20. N@h5 R@g6 21. Nxg7+ Rxg7 22. N@f6+ Nxf6 
23. exf6 N@h3+ 24. Kf1 Bb5+ 25. P@e2 O-O-O 26. fxg7 B@f3 27. R@a8+ B@b8 28. N@e7+ 
Kd7 29. N@e5+ Kd6 30. Q@c5# 
{LINDEGREN checkmated} 1-0

[Event "fics rated crazyhouse match"]
[Site "fics, Oklahoma City, OK USA"]
[Date "2001.01.19"]
[White "LINDEGREN"]
[WhiteElo "2308"]
[Black "venomous"]
[BlackElo "2431"]
[TimeControl "60+0"]
[Result "0-1"]

1. e4 e6 2. Nc3 Nc6 3. d4 Nf6 4. e5 Nd5 5. Nxd5 exd5 6. Bb5 
d6 7. Nf3 Bg4 8. h3 Bh5 9. N@f4 Bg6 10. Nxd5 dxe5 11. dxe5 Bc5 
12. Bxc6+ bxc6 13. Nxc7+ Qxc7 14. N@d6+ Bxd6 15. exd6 B@b4+ 16. B@c3 Bxd6 17. Bxg7 
P@g3 18. Be3 gxf2+ 19. Bxf2 P@g3 20. Qe2+ N@e6 21. Bxh8 gxf2+ 22. Kd1 N@f4 
23. R@g8+ B@f8 24. Qxf2 N@e4 25. Qe3 P@e2+ 26. Kc1 Nxg2 27. Qxe2 Ngf4 28. Qc4 
O-O-O 29. P@a6 P@b5 30. P@b7+ Kb8 31. Qxe4 Bxe4 32. P@e3 Q@g2 33. Rxf8 Rxf8 
34. Rd1 Qxc2# 
{LINDEGREN checkmated} 0-1

[Event "fics rated crazyhouse match"]
[Site "fics, Oklahoma City, OK USA"]
[Date "2001.01.19"]
[White "venomous"]
[WhiteElo "2436"]
[Black "LINDEGREN"]
[BlackElo "2303"]
[TimeControl "60+0"]
[Result "1-0"]

1. e4 Nf6 2. Nc3 Nc6 3. Nf3 d5 4. exd5 Nxd5 5. Bc4 e6 6. d4 
Bb4 7. Bd2 Qe7 8. O-O Bxc3 9. Bxd5 exd5 10. bxc3 P@h3 11. gxh3 Bxh3 
12. N@f4 Bxf1 13. Qxf1 B@e4 14. B@g2 P@g4 15. Ne5 Bxg2 16. Qxg2 Nxe5 17. dxe5 
B@f3 18. Qxf3 gxf3 19. B@h3 N@g5 20. P@d7+ Kf8 21. B@g4 Nxh3+ 22. Bxh3 N@g5 
23. B@g4 h5 24. P@f6 gxf6 25. exf6 Qxf6 26. P@e7+ Kg7 27. e8=N+ Raxe8 28. dxe8=N+ 
Rxe8 29. Nxh5+ Kh8 30. R@h7+ Nxh7 31. P@g7+ Qxg7 32. N@f4 R@h1+ 33. Kxh1 P@g2+ 
34. Nxg2 fxg2+ 35. Bxg2 Qxg4 36. P@g7+ Qxg7 37. Nxg7 P@h3 38. N@g6+ fxg6 39. Q@f3 
B@e4 40. R@f8+ Rxf8 41. Qxf8+ R@g8 42. Qxg8# 
{LINDEGREN forfeits on time} 1-0

[Event "fics rated crazyhouse match"]
[Site "fics, Oklahoma City, OK USA"]
[Date "2001.01.19"]
[White "LINDEGREN"]
[WhiteElo "2298"]
[Black "venomous"]
[BlackElo "2441"]
[TimeControl "60+0"]
[Result "0-1"]

1. e4 Nf6 2. Nc3 d5 3. exd5 Nxd5 4. d4 Nc6 5. Nf3 e6 6. Bb5 
Bd7 7. Nxd5 exd5 8. Bxc6 bxc6 9. Qe2+ Qe7 10. Ne5 B@b5 11. P@d3 N@h4 
12. f3 P@f6 13. O-O fxe5 14. dxe5 N@d4 15. Qf2 Qxe5 16. N@g4 Bxg4 17. fxg4 
N@f3+ 18. gxf3 Ndxf3+ 19. Qxf3 Nxf3+ 20. Rxf3 Q@d1+ 21. Kg2 Qxf3+ 22. Kxf3 P@e4+ 
23. Kf2 Qxh2+ 24. P@g2 P@g3+ 25. Ke3 Bc5+ 26. B@d4 Bxd4+ 27. Kxd4 Qg1+ 28. B@e3 
B@b6+ 29. Kc3 d4+ 30. Kb3 P@a4+ 31. Ka3 Bc5+ 32. b4 axb3+ 33. Kb2 P@a3+ 
34. Kxb3 R@b4+ 35. Kxa3 Rb1+ 36. P@b4 Bxb4# 
{LINDEGREN checkmated} 0-1

[Event "fics rated crazyhouse match"]
[Site "fics, Oklahoma City, OK USA"]
[Date "2001.01.19"]
[White "venomous"]
[WhiteElo "2446"]
[Black "LINDEGREN"]
[BlackElo "2293"]
[TimeControl "60+0"]
[Result "0-1"]

1. e4 Nf6 2. Nc3 Nc6 3. Nf3 e5 4. Bc4 Bc5 5. d3 O-O 6. O-O 
h6 7. Be3 d6 8. Bxc5 dxc5 9. B@e2 Bg4 10. Nd5 B@h5 11. Nxf6+ Qxf6 
12. N@d5 Qd8 13. c3 N@f4 14. Nxf4 exf4 15. N@d5 Bxf3 16. Bxf3 Bxf3 17. Qxf3 
Ne5 18. Qd1 f3 19. B@h3 N@f4 20. B@e7 Nxh3+ 21. gxh3 N@e2+ 22. Qxe2 fxe2 
23. N@f6+ Kh8 24. N@g2 exf1=Q+ 25. Rxf1 B@f3 26. Bxd8 R@h1+ 27. Kxh1 Bxg2+ 28. Kxg2 
B@f3+ 29. Kg3 Q@g5+ 30. R@g4 N@e2# 
{venomous checkmated} 0-1

[Event "fics rated crazyhouse match"]
[Site "fics, Oklahoma City, OK USA"]
[Date "2001.01.19"]
[White "LINDEGREN"]
[WhiteElo "2304"]
[Black "venomous"]
[BlackElo "2435"]
[TimeControl "60+0"]
[Result "1-0"]

1. e4 Nf6 2. Nc3 d5 3. exd5 Nxd5 4. d4 Nc6 5. Nf3 e6 6. Bd3 
Nxc3 7. bxc3 P@f5 8. O-O N@e4 9. Bd2 Nxd2 10. Qxd2 B@d5 11. Be2 Bxf3 
12. Bxf3 N@h4 13. B@e2 Nxf3+ 14. Bxf3 B@d5 15. Bxd5 Qxd5 16. f3 B@h6 17. P@e3 
Bd6 18. B@g3 f4 19. exf4 O-O 20. P@e5 Be7 21. N@e4 f5 22. N@e3 Qd8 
23. Nf2 Bd7 24. d5 exd5 25. Nxd5 P@e6 26. Nxe7+ Qxe7 27. P@d6 Qf7 28. dxc7 
N@c4 29. N@d6 Nxd2 30. Nxf7 Rxf7 31. B@h5 N@e2+ 32. Kh1 Nxf1 33. Rxf1 Nxg3+ 
34. hxg3 B@g6 35. Bxg6 hxg6 36. N@d6 R@h5+ 37. P@h4 Q@e2 38. N@h2 B@c5 39. Nxf7 
Bxf2 40. Nxh6+ Rxh6 41. B@g5 Qxf1+ 42. Nxf1 R@g1+ 43. Kh2 N@g4+ 44. fxg4 
{venomous forfeits on time} 1-0

[Event "fics rated crazyhouse match"]
[Site "fics, Oklahoma City, OK USA"]
[Date "2001.01.19"]
[White "venomous"]
[WhiteElo "2424"]
[Black "LINDEGREN"]
[BlackElo "2315"]
[TimeControl "60+0"]
[Result "1-0"]

1. e4 Nf6 2. Nc3 Nc6 3. Nf3 e5 4. Be2 Bc5 5. d3 O-O 6. O-O 
d6 7. Bg5 Bg4 8. Nd5 Nxd5 9. exd5 Bxf3 10. Bxd8 Bxe2 11. Qxe2 Nd4 
12. Qg4 B@g6 13. Bf6 gxf6 14. B@g7 Kxg7 15. N@h5# 
{LINDEGREN resigns} 1-0

[Event "fics rated crazyhouse match"]
[Site "fics, Oklahoma City, OK USA"]
[Date "2001.01.19"]
[White "LINDEGREN"]
[WhiteElo "2309"]
[Black "venomous"]
[BlackElo "2430"]
[TimeControl "60+0"]
[Result "0-1"]

1. e4 Nf6 2. Nc3 d5 3. exd5 Nxd5 4. d4 Nc6 5. Nf3 e6 6. Bd3 
Bd7 7. O-O Nxc3 8. bxc3 P@f6 9. Bd2 N@b2 10. Qe2 Nxd3 11. cxd3 B@h5 
12. N@f4 Bxf3 13. Qxf3 N@g5 14. Qe2 Bd6 15. f3 Bxf4 16. Bxf4 N@h3+ 17. gxh3 
Nxh3+ 18. Kh1 Nxf4 19. Qf2 P@g2+ 20. Qxg2 Nxg2 21. Kxg2 Nxd4 22. B@g3 P@e2 
23. cxd4 exf1=Q+ 24. Rxf1 R@d2+ 25. P@f2 e5 26. P@g4 exd4 27. N@h5 Rg8 28. P@h6 
Bxg4 29. fxg4 P@f3+ 30. Kxf3 B@e2+ 31. Kg2 P@f3# 
{LINDEGREN resigns} 0-1

[Event "fics rated crazyhouse match"]
[Site "fics, Oklahoma City, OK USA"]
[Date "2001.01.19"]
[White "venomous"]
[WhiteElo "2435"]
[Black "LINDEGREN"]
[BlackElo "2304"]
[TimeControl "60+0"]
[Result "1-0"]

1. e4 Nf6 2. Nc3 e5 3. Nf3 Nc6 4. Be2 Bc5 5. O-O d6 6. d3 
Bg4 7. Bg5 h6 8. Bh4 Bxf3 9. Bxf3 Nd4 10. Nd5 N@d7 11. Nxf6+ Nxf6 
12. N@h5 Nxf3+ 13. Qxf3 N@f4 14. Nxg7+ Kd7 15. B@g4+ B@e6 16. Nxe6 fxe6 17. P@d5 
Rg8 18. dxe6+ Kc8 19. e7+ Nxg4 20. exd8=Q+ Rxd8 21. Qxg4+ B@d7 22. N@e7+ Kb8 
23. P@e6 N@e2+ 24. Kh1 Bxe6 25. N@c6+ bxc6 26. Nxc6+ Kb7 27. Q@b5+ P@b6 28. B@a6# 
{LINDEGREN checkmated} 1-0

[Event "fics rated crazyhouse match"]
[Site "fics, Oklahoma City, OK USA"]
[Date "2001.01.19"]
[White "LINDEGREN"]
[WhiteElo "2299"]
[Black "venomous"]
[BlackElo "2440"]
[TimeControl "60+0"]
[Result "1-0"]

1. e4 Nf6 2. Nc3 d5 3. e5 Ne4 4. d4 Nc6 5. Be2 e6 6. Nh3 
Bb4 7. Bd2 Nxd2 8. Qxd2 B@f5 9. O-O Bxh3 10. gxh3 Bxc3 11. Qxc3 N@e4 
12. Qe3 N@f5 13. Qf4 Ncxd4 14. B@g4 Nxe2+ 15. Bxe2 B@g5 16. Qf3 Nh4 17. Qg4 
h5 18. Qxh4 Bxh4 19. B@g3 Bxg3 20. hxg3 h4 21. B@h2 hxg3 22. fxg3 B@d4+ 
23. Kh1 Rxh3 24. Kg2 Rxh2+ 25. Kxh2 P@g2 26. R@h8+ B@f8 27. Kxg2 P@g4 28. P@h3 
P@f3+ 29. Bxf3 gxf3+ 30. Rxf3 Q@e2+ 31. P@f2 Bxf2 32. N@f4 Qxf3+ 33. Kxf3 R@e3+ 
34. Kg2 Rxg3+ 35. Kh2 B@g5 36. P@g6 Qe7 37. gxf7+ Qxf7 38. P@g6 Qxf4 39. P@f7+ 
Kd7 40. Q@e8# 
{venomous checkmated} 1-0

[Event "fics rated crazyhouse match"]
[Site "fics, Oklahoma City, OK USA"]
[Date "2001.01.19"]
[White "venomous"]
[WhiteElo "2429"]
[Black "LINDEGREN"]
[BlackElo "2310"]
[TimeControl "60+0"]
[Result "1-0"]

1. e4 Nf6 2. Nc3 d5 3. Nf3 dxe4 4. Ng5 Bf5 5. d3 exd3 6. Bxd3 
Bxd3 7. P@e6 Bg6 8. Qxd8+ Kxd8 9. Nxf7+ Bxf7 10. exf7 Q@e6+ 11. Q@e3 Qxf7 
12. B@e6 Qh5 13. P@g4 Qa5 14. Bd2 P@d6 15. Ne4 Qe5 16. Nxf6 Qxf6 17. N@f7+ 
Qxf7 18. Bxf7 B@d7 19. Bc3 Nc6 20. Bd5 P@d4 21. Bxd4 Nxd4 22. Qxd4 P@f7 
23. Bxb7 Rb8 24. Qxa7 Rxb7 25. Qxb7 B@c8 26. Qb8 B@c6 27. N@d4 N@f4 28. Nxc6+ 
Bxc6 29. P@b7 Bxb7 30. Qxc7+ Kxc7 31. P@b6+ Kd7 32. B@f5+ e6 33. Q@c7+ Ke8 
34. R@d8# 
{LINDEGREN checkmated} 1-0

[Event "fics rated crazyhouse match"]
[Site "fics, Oklahoma City, OK USA"]
[Date "2001.01.19"]
[White "LINDEGREN"]
[WhiteElo "2305"]
[Black "venomous"]
[BlackElo "2434"]
[TimeControl "60+0"]
[Result "0-1"]

1. e4 Nf6 2. Nc3 d5 3. e5 Ne4 4. d4 Nc6 5. Be2 e6 6. Nh3 
Bb4 7. Bd2 Nxd2 8. Qxd2 B@f5 9. O-O Bxh3 10. gxh3 Bxc3 11. bxc3 N@e4 
12. Qe3 N@f5 13. Qf3 Nxc3 14. Qxc3 Ncxd4 15. B@h5 Nxe2+ 16. Bxe2 B@d4 17. Qf3 
Bxe5 18. B@g4 P@e4 19. Qg2 P@f3 20. Bexf3 Nh4 21. P@g3 Nxg2 22. Bxg2 P@f3 
23. B4xf3 exf3 24. Bxf3 B@e4 25. P@g2 Bxf3 26. gxf3 Bxa1 27. Rxa1 B@d4 28. Rf1 
Bxf2+ 29. Rxf2 R@e1+ 30. B@f1 P@e3 31. Rg2 d4 32. B@b5+ Bd7 33. Bd3 Bc6 
34. N@h5 Bxf3 35. Nxg7+ Kd7 36. N@e5+ Kc8 37. Nxf3 P@f2+ 38. Kh1 Q@f6 39. B@g5 
Qxf3 40. Bxd8 Qxg2+ 41. Kxg2 R@g1+ 42. Kf3 N@e5+ 43. Kf4 Nxd3+ 44. cxd3 B@d6+ 
45. Kg4 Rxd8 46. Kh4 B@f6# 
{LINDEGREN forfeits on time} 0-1

[Event "fics rated crazyhouse match"]
[Site "fics, Oklahoma City, OK USA"]
[Date "2001.01.19"]
[White "venomous"]
[WhiteElo "2439"]
[Black "LINDEGREN"]
[BlackElo "2300"]
[TimeControl "60+0"]
[Result "1-0"]

1. e4 Nf6 2. Nc3 Nc6 3. Nf3 d5 4. exd5 Nxd5 5. Bc4 e6 6. d4 
Bb4 7. Bd2 Bxc3 8. bxc3 Nb6 9. Bb5 Qe7 10. O-O Bd7 11. Re1 f5 
12. Ng5 P@f7 13. Bf4 a6 14. Bf1 Nd5 15. B@d2 Nxf4 16. Bxf4 N@d5 17. Qd2 
B@f6 18. N@h3 Nxf4 19. Qxf4 B@h6 20. P@h4 Bfxg5 21. hxg5 N@d5 22. Qg3 Bxg5 
23. Nxg5 P@f4 24. Qh4 h6 25. B@f3 Nf6 26. Nh3 O-O-O 27. Nxf4 g5 28. P@a7 
Nxa7 29. Bxb7+ Kb8 30. Qg3 gxf4 31. Qd3 Bb5 32. Qxb5 Nxb5 33. N@c6+ Kxb7 
34. Nxe7 P@d7 35. Bxb5 B@b6 36. B@c6+ dxc6 37. Bxc6# 
{LINDEGREN resigns} 1-0

[Event "fics rated crazyhouse match"]
[Site "fics, Oklahoma City, OK USA"]
[Date "2001.01.19"]
[White "LINDEGREN"]
[WhiteElo "2295"]
[Black "venomous"]
[BlackElo "2444"]
[TimeControl "60+0"]
[Result "1-0"]

1. e4 Nf6 2. Nc3 d5 3. e5 Ne4 4. d4 Nc6 5. Nxe4 dxe4 6. Be3 
N@f5 7. c3 e6 8. Nh3 Be7 9. Be2 O-O 10. O-O f6 11. exf6 Bxf6 
12. N@g4 P@f3 13. gxf3 exf3 14. Bxf3 Nce7 15. P@g2 Nd5 16. Bxd5 exd5 17. Nxf6+ 
Rxf6 18. Bg5 B@e7 19. P@e5 Rf8 20. Bxe7 Qxe7 21. P@f6 gxf6 22. exf6 Rxf6 
23. B@g5 P@e2 24. Bxf6 exf1=Q+ 25. Qxf1 Qxf6 26. P@g5 Qg6 27. B@f6 P@g7 28. P@g4 
gxf6 29. gxf5 Qxf5 30. N@e7+ Kf7 31. Nxf5 Bxf5 32. gxf6 B@f8 33. P@e7 R@g6 
34. exf8=Q+ Rxf8 35. Q@e7+ Kg8 36. R@g7+ Kh8 37. Rxh7+ Kg8 38. N@h6# 
{venomous resigns} 1-0

[Event "fics rated crazyhouse match"]
[Site "fics, Oklahoma City, OK USA"]
[Date "2001.01.19"]
[White "venomous"]
[WhiteElo "2433"]
[Black "LINDEGREN"]
[BlackElo "2306"]
[TimeControl "60+0"]
[Result "1-0"]

1. e4 Nf6 2. Nc3 Nc6 3. Nf3 d5 4. exd5 Nxd5 5. Bc4 e6 6. d4 
Bb4 7. Bd2 Qe7 8. O-O Bxc3 9. bxc3 Bd7 10. Re1 Nb6 11. Bf1 f5 
12. Bg5 P@f6 13. Bf4 Nd5 14. B@d2 N@e4 15. c4 Ndc3 16. Bxc3 Nxc3 17. Qd3 
Ne4 18. d5 exd5 19. cxd5 Nb4 20. Qc4 B@b5 21. Qxb5 Bxb5 22. Bxb5+ P@c6 
23. P@e6 O-O 24. P@f7+ Kh8 25. N@h4 Q@g4 26. B@g3 Nxg3 27. Bxg3 Rxf7 28. B@h3 
Qxh3 29. gxh3 B@h5 30. exf7 Qxf7 31. Q@e7 Qxe7 32. Rxe7 P@g2 33. Nxg2 B@e4 
34. Rxg7 Q@h6 35. N@f7+ Bxf7 36. Rxf7 Bxf3 37. P@g7+ Qxg7 38. Rxg7 N@e2+ 39. Bxe2 
Bxg2 40. Rxh7+ Kxh7 41. P@g6+ Kxg6 42. N@f4+ Kf7 43. Q@e6# 
{LINDEGREN resigns} 1-0

[Event "fics rated crazyhouse match"]
[Site "fics, Oklahoma City, OK USA"]
[Date "2001.01.19"]
[White "LINDEGREN"]
[WhiteElo "2301"]
[Black "venomous"]
[BlackElo "2438"]
[TimeControl "60+0"]
[Result "1-0"]

1. e4 e6 2. d4 Nc6 3. e5 d6 4. exd6 cxd6 5. Nf3 Nf6 6. Bb5 
Be7 7. O-O O-O 8. Nc3 P@g4 9. Ng5 Nd5 10. Nxh7 Kxh7 11. Qxg4 Nxc3 
12. bxc3 N@f6 13. Qh4+ Kg8 14. Bxc6 bxc6 15. N@g5 N@g6 16. P@h7+ Kh8 17. Qh3 
B@f5 18. Qg3 Nh5 19. Qf3 Bxg5 20. Qxh5 N@e2+ 21. Kh1 Bxc1 22. Qxe2 Bb2 
23. Rad1 Bxc3 24. P@h6 B@f6 25. hxg7+ Bxg7 26. N@h5 Bcxd4 27. Rxd4 Bxd4 28. P@g7+ 
Bxg7 29. Nxg7 P@h3 30. B@f3 P@g4 31. Nxf5 P@g7 32. P@h6 Qf6 33. hxg7+ Qxg7 
34. B@h6 Qxh6 35. Nxh6 gxf3 36. Q@g8# 
{venomous resigns} 1-0

[Event "fics rated crazyhouse match"]
[Site "fics, Oklahoma City, OK USA"]
[Date "2001.01.19"]
[White "venomous"]
[WhiteElo "2427"]
[Black "LINDEGREN"]
[BlackElo "2312"]
[TimeControl "60+0"]
[Result "1-0"]

1. e4 Nf6 2. Nc3 e5 3. Nf3 Nc6 4. Be2 Bc5 5. O-O d6 6. d3 
h6 7. Be3 Bg4 8. Bxc5 dxc5 9. Nd5 Bxf3 10. Bxf3 Nd4 11. Nxf6+ Qxf6 
12. B@g4 B@e6 13. N@d5 Bxd5 14. exd5 N@g5 15. B@d7+ Kf8 16. B@e2 N@h4 17. c3 
Ndxf3+ 18. Bexf3 Ngxf3+ 19. Bxf3 Nxf3+ 20. gxf3 N@h4 21. N@e4 Nxf3+ 22. Kh1 P@g2+ 
23. Kxg2 Nh4+ 24. Kg1 Qg6+ 25. P@g3 B@f3 26. N@d2 Bxd1 27. N@e3 Bf3 28. Nxf3 
Nxf3+ 29. Kh1 Nxh2 30. B@g2 B@f3 31. Kxh2 Bxg2 32. Kxg2 N@h4+ 33. Kh2 Nf3+ 
34. Kg2 Q@h2+ 35. Kxf3 B@h5+ 36. B@g4 Qxe4+ 37. dxe4 Bxg4+ 38. Bxg4 N@g5+ 39. Ke2 
P@d3+ 40. Kd2 Kg8 41. Q@f8+ Kh7 42. N@f6# 
{LINDEGREN forfeits on time} 1-0

[Event "fics rated crazyhouse match"]
[Site "fics, Oklahoma City, OK USA"]
[Date "2001.01.19"]
[White "LINDEGREN"]
[WhiteElo "2307"]
[Black "venomous"]
[BlackElo "2432"]
[TimeControl "60+0"]
[Result "0-1"]

1. e4 Nf6 2. Nc3 Nc6 3. d4 d5 4. exd5 Nxd5 5. Nf3 e6 6. Bb5 
Bb4 7. Bd2 Bxc3 8. bxc3 N@e4 9. B@b4 Nxb4 10. cxb4 P@f6 11. O-O Nxd2 
12. Qxd2 B@d5 13. N@h5 Rg8 14. P@e2 Bxf3 15. exf3 Bd7 16. Rae1 B@g5 17. f4 
Nxd4 18. Qxd4 Bxb5 19. Qc5 Bc6 20. fxg5 B@d6 21. Qe3 P@d4 22. Qh3 N@e4 
23. Rxe4 Bxe4 24. gxf6 gxf6 25. N@g7+ Kd7 26. N@c5+ Bxc5 27. bxc5 N@e2+ 28. Kh1 
R@g5 29. c6+ Bxc6 30. P@f4 Rxg2 31. B@f3 Bxf3 32. Qg3 Nxg3# 
{LINDEGREN resigns} 0-1

[Event "fics rated crazyhouse match"]
[Site "fics, Oklahoma City, OK USA"]
[Date "2001.01.19"]
[White "venomous"]
[WhiteElo "2437"]
[Black "LINDEGREN"]
[BlackElo "2302"]
[TimeControl "60+0"]
[Result "1-0"]

1. e4 Nf6 2. Nc3 Nc6 3. Nf3 d5 4. exd5 Nxd5 5. Bc4 e6 6. d4 
Bb4 7. Bd2 Bxc3 8. bxc3 Qe7 9. O-O Nb6 10. Bb5 Bd7 11. Re1 f5 
12. Bf1 P@e4 13. Ng5 Nd5 14. c4 Nf6 15. P@e5 Ng4 16. B@h5+ g6 17. Bxg4 
fxg4 18. N@f6+ Kd8 19. Nfxe4 B@f5 20. P@f6 Qe8 21. d5 Bxe4 22. Rxe4 exd5 
23. cxd5 Nxe5 24. Rxe5 P@e6 25. dxe6 P@h3 26. exd7 Qxd7 27. N@f7+ Kc8 28. Nxh8 
hxg2 29. Bxg2 P@f3 30. R@e8+ N@d8 31. B@e6 Qxe6 32. R5xe6 fxg2 33. Rxd8# 
{LINDEGREN resigns} 1-0

[Event "fics rated crazyhouse match"]
[Site "fics, Oklahoma City, OK USA"]
[Date "2001.01.19"]
[White "LINDEGREN"]
[WhiteElo "2297"]
[Black "venomous"]
[BlackElo "2442"]
[TimeControl "60+0"]
[Result "0-1"]

1. e4 Nf6 2. Nc3 d5 3. e5 Ne4 4. d4 Nc6 5. Bd2 Bf5 6. Nxe4 
Bxe4 7. f3 Bg6 8. Be3 e6 9. Bd3 Bb4+ 10. N@d2 Bxd2+ 11. Qxd2 Bxd3 
12. cxd3 B@g6 13. Nh3 N@f5 14. O-O Nfxd4 15. B@g5 P@e7 16. B@a4 Nf5 17. Bxc6+ 
bxc6 18. N@g4 d4 19. Bef4 B@e3+ 20. Bxe3 dxe3 21. Nxe3 Nxe3 22. Bxe3 B@f5 
23. Nf4 Bxd3 24. P@f6 exf6 25. exf6 Qxf6 26. P@g5 Qd8 27. B@e5 N@c4 28. Bxg7 
Nxd2 29. N@f6+ Ke7 30. Bxd2 P@e2 31. Bb4+ P@d6 32. Rfe1 P@f2+ 33. Kxf2 Q@d4+ 
34. P@e3 Qxb4 35. N@d5+ exd5 36. N6xd5+ cxd5 37. Nxd5+ Kd7 38. P@c6+ Kxc6 39. Nxb4+ 
Kd7 40. Q@c6+ Ke7 
{LINDEGREN forfeits on time} 0-1

[Event "fics rated crazyhouse match"]
[Site "fics, Oklahoma City, OK USA"]
[Date "2001.01.19"]
[White "venomous"]
[WhiteElo "2447"]
[Black "LINDEGREN"]
[BlackElo "2292"]
[TimeControl "60+0"]
[Result "1-0"]

1. e4 Nf6 2. Nc3 Nc6 3. Nf3 d5 4. exd5 Nxd5 5. Bc4 e6 6. d4 
Bb4 7. Bd2 Nxc3 8. bxc3 Bd6 9. P@e5 Qe7 10. exd6 cxd6 11. O-O f5 
12. B@g3 P@e4 13. Ng5 P@f3 14. Nxf3 exf3 15. Qxf3 N@e4 16. P@f7+ Qxf7 17. Bxd6 
Nxd2 18. Qe2 P@f3 19. Qxd2 fxg2 20. N@g5 B@h1 21. N@c7+ Kd7 22. Nxa8 P@c7 
23. Bxc7 Qg6 24. R@g3 Qxg5 25. Qxg5 N@f6 26. Q@d6+ Ke8 27. Qxg7 
{LINDEGREN resigns} 1-0